Map: Dusk Towers

Players

Miszu - Winner!

  • Race: Terran Terran
  • League: Master

MygraiN

  • Race: Protoss Protoss
  • League: Grandmaster

VOD

Have the link to the VOD?

Description

Time

  • Played on: July 6, 2016, 7:33 p.m.
  • Length: 6:28
Show
View Real Time Build Order
Export as new Build Order

Miszu Terran - Winner!

Build Orders: 1/1/1, Liberator Opening 

Get SALT Encoding   

  12  0:02  SCV  
  13  0:14  SCV  
  13  0:20  Supply Depot  
  14  0:26  SCV  
  15  0:41  SCV  
  16  0:43  Barracks  
  16  0:45  Refinery  
  16  0:53  SCV  
  17  0:57  Refinery  
  17  1:05  SCV  
  18  1:18  SCV  
  19  1:32  Orbital Command  
  19  1:33  Marine  
  19  1:36  Factory  
  20  1:42  Supply Depot  
  20  1:51  Barracks Reactor  
  20  1:58  SCV  
  21  2:10  SCV  
  22  2:20  Starport, Factory Tech Lab  
  22  2:24  SCV  
  22  2:27  Marine  
  22  2:28  Marine  
  25  2:32  Supply Depot  
  25  2:36  SCV  
  26  2:49  Siege Tank  
  26  2:50  SCV  
  26  2:51  Marine  
  31  2:53  Marine  
  31  2:57  Medivac  
  34  3:00  Supply Depot  
  34  3:09  Marine  
  34  3:11  Marine  
  36  3:17  Liberator  
  36  3:21  Cyclone  
  36  3:23  Supply Depot  
  40  3:30  SCV  
  40  3:33  Marine x2  
  46  3:46  Supply Depot  
  46  3:51  Marine x2  
  47  4:06  Siege Tank  
  47  4:09  Marine x2  
  52  4:14  Bunker  
  50  4:27  Marine x2  
  51  4:34  Bunker, Liberator  
  50  4:44  Marine x2  
  51  5:02  Marine x2  
  47  5:17  Siege Tank  
  47  5:20  Marine, Reaper  
  51  5:38  Marine  
  47  5:52  Marine  
  47  5:56  Marine  
  54  6:10  Marine  
Show
View Real Time Build Order
Export as new Build Order

MygraiN Protoss 

Build Orders: 1 Gate Expand, Phoenix Opening 

Get SALT Encoding   

  12  0:01  Probe (Chrono Boost)  
  13  0:12  Probe (Chrono Boost)  
  14  0:18  Pylon  
  14  0:22  Probe (Chrono Boost)  
  15  0:36  Probe (Chrono Boost)  
  15  0:37  Gateway  
  15  0:42  Assimilator  
  16  0:47  Probe (Chrono Boost)  
  17  0:57  Probe (Chrono Boost)  
  18  1:08  Probe (Chrono Boost)  
  19  1:21  Nexus  
  19  1:29  Cybernetics Core  
  19  1:32  Probe (Chrono Boost)  
  20  1:41  Assimilator  
  20  1:43  Probe (Chrono Boost)  
  21  1:52  Pylon  
  21  1:53  Probe (Chrono Boost)  
  22  2:04  Probe (Chrono Boost)  
  22  2:07  Warp Gate (Chrono Boost)  
  23  2:12  Stalker (Chrono Boost)  
  23  2:14  Probe  
  26  2:22  Pylon  
  26  2:26  Probe  
  27  2:36  Stargate  
  27  2:41  Probe  
  27  2:42  Probe  
  29  2:45  Stalker (Chrono Boost)  
  31  2:54  Probe x2  
  33  3:06  Probe  
  33  3:10  Probe  
  33  3:12  Robotics Facility  
  35  3:18  Probe  
  36  3:22  Phoenix (Chrono Boost), Probe  
  36  3:26  Pylon  
  39  3:28  Stalker  
  39  3:30  Probe  
  42  3:48  Gateway  
  41  3:49  Gateway  
  41  3:59  Immortal (Chrono Boost)  
  43  4:15  Phoenix  
  34  4:32  Pylon  
  34  4:34  Immortal (Chrono Boost)  
  38  4:43  Probe  
  38  4:44  Probe  
  36  4:51  Zealot x2  
  36  4:52  Zealot  
  26  5:08  Immortal (Chrono Boost)  
  26  5:14  Zealot x2  
  30  5:15  Probe  
  30  5:27  Zealot  
  32  5:34  Stalker  
  22  5:53  Zealot x2  
  22  5:55  Probe  
  26  6:01  Stalker  
  21  6:19  Zealot x2  
Tags
 
Add a new tag
Caveats
  • Supply blocks, unpowered buildings, or Contaminate may cause inaccurate times.
  • Supply counts are checked every 10 seconds.